 Dungeon Crawl Stone Soup version 0.27.0-1-g7a089689b8 (webtiles) character file.

Game seed: 2877187907879407652

63 rjrrt the Chopper (level 3, -9/34 HPs)
             Began as a Minotaur Berserker on Aug 11, 2021.
             Was a Follower of Sif Muna.
             Mangled by a black bear (11 damage)
             ... created by the rage of Trog
             ... on level 1 of the Dungeon.
             The game lasted 00:02:28 (1895 turns).

rjrrt the Chopper (Minotaur Berserker)              Turns: 1895, Time: 00:02:28

Health: -9/34      AC:  2    Str: 22    XL:     3   Next: 89%
Magic:  2/2        EV: 12    Int:  4    God:    Sif Muna [*.....]
Gold:   38         SH:  0    Dex:  9    Spells: 2/2 levels left

rFire    . . .     SeeInvis .   a - +0 hand axe
rCold    . . .     Faith    .   (no shield)
rNeg     . . .     Spirit   .   b - +0 animal skin
rPois    .         Reflect  .   (helmet restricted)
rElec    .         Harm     .   (no cloak)
rCorr    .         Rampage  .   (no gloves)
Will     .....                  (no boots)
Stlth    +.........             (no amulet)
HPRegen  0.11/turn              (no ring)
MPRegen  0.08/turn              (no ring)

@: no status effects
A: horns 2, retaliatory headbutt
a: Renounce Religion, Channel Magic


You were on level 1 of the Dungeon.
You worshipped Sif Muna.
Sif Muna was aware of your devotion.
You visited 1 branch of the dungeon, and saw 3 of its levels.

You collected 38 gold pieces.

Inventory:

Hand Weapons
 a - a +0 hand axe (weapon)
Armour
 b - a +0 animal skin (worn)
Scrolls
 e - 3 scrolls of identify {unknown}
 g - a scroll of magic mapping {unknown}
Potions
 c - 4 potions of attraction {unknown}
 d - a potion of curing {unknown}
 f - a potion of lignification {unknown}
 h - 2 potions of might {unknown}


   Skills:
 + Level 4.4 Fighting
 + Level 4.7 Axes
 + Level 2.6 Armour
 + Level 2.6 Dodging
 + Level 0.2 Stealth


You had 2 spell levels left.
You didn't know any spells.
Your spell library was empty.

Dungeon Overview and Level Annotations

Branches:
Dungeon (3/15)

Altars:
Sif Muna


Innate Abilities, Weirdness & Mutations

You have a pair of horns on your head.
You reflexively headbutt those who attack you in melee.


Message History

You can move again.
Unknown command.
You start waiting.
Done waiting.
There is a stone staircase leading up here.
Unknown command.
Unknown command.
You climb upwards.
The black bear bites you. The black bear closely misses you.
The black bear claws you. The polar bear bites you! The polar bear misses you.
The polar bear claws you.
There is a stone staircase leading down, spattered with blood here.
Unknown command.
The polar bear bites you but does no damage.
The polar bear claws you.
* * * LOW HITPOINT WARNING * * *
The polar bear claws you.
* * * LOW HITPOINT WARNING * * *
There is a stone staircase leading up here.
The black bear bites you.
* * * LOW HITPOINT WARNING * * *
The black bear misses you. The black bear claws you.
* * * LOW HITPOINT WARNING * * *
You climb upwards.
There is a stone staircase leading down here.
Unknown command.
You barely miss the black bear. The black bear misses you.
The black bear barely misses you. The black bear claws you.
* * * LOW HITPOINT WARNING * * *
You are too injured to fight recklessly!
You hit the black bear. You headbutt the black bear!
The black bear is severely wounded.
The black bear goes berserk!
The black bear bites you.
* * * LOW HITPOINT WARNING * * *
The black bear claws you.
* * * LOW HITPOINT WARNING * * *
The black bear misses you.
You barely miss the black bear.
The black bear is severely wounded.
The black bear bites you!
You die...

.#######....^..# #.....#.
....##....###..### ###.##....
#...#..#...###...## #.########
###...####.# #....## #.#.......
###....###.###.....#####.#..#..#.
............###..#.#.....#.......
.............##....#..(.##.......
..............##......#..#<......
...............#@h.>.....#.......
........>.............####.......
......................####..#..#.
........................##.......
#.............#..........########
##..........#...............# #
####.............#..........## #
.....#..(....................####
.#####...........................


You could see a black bear (berserk).

Vanquished Creatures
  2 adders (D:2)
  2 dart slugs
  2 endoplasms (D:1)
  3 giant cockroaches (D:1)
  2 goblins
  3 hobgoblins
  5 jackals
  A kobold (D:1)
  4 quokkas (D:1)
  4 ball pythons
  2 bats (D:1)
  3 frilled lizards
  6 rats
  A spectral kobold (D:1)
40 creatures vanquished.

Vanquished Creatures (others)
  18 plants
18 creatures vanquished.

Grand Total: 58 creatures vanquished

Notes
Turn   | Place    | Note
-------+----------+-------------------------------------------
     0 | D:1      | rjrrt the Minotaur Berserker began the quest for the Orb.
     0 | D:1      | Reached XP level 1. HP: 19/19 MP: 0/0
     6 | D:1      | Fell from the grace of Trog
   256 | D:1      | Reached XP level 2. HP: 24/27 MP: 1/1
   640 | D:1      | Reached XP level 3. HP: 33/33 MP: 2/2
   740 | D:1      | Found a faded altar of an unknown god.
   755 | D:1      | Became a worshipper of Sif Muna the Loreminder
   755 | D:1      | Reached * piety under Sif Muna
  1734 | D:2      | Noticed a polar bear
  1734 | D:2      | Noticed a black bear
  1734 | D:2      | Noticed a black bear
  1734 | D:2      | Noticed a black bear
  1762 | D:3      | Paralysed by Trog for 7 turns
  1895 | D:1      | Mangled by a black bear

Illustrated notes

Levels and vault maps discovered:
D:1:      lemuel_arrival_broad_hall, layout_rooms,
          dreamdust_ecumenical_altar_drowned_temple, serial_bayou_crossing
D:2:      layout_loops_ring, serial_bayou_lake_a, uniq_crazy_yiuf_cottage
D:3:      layout_loops_corners, serial_shops, shop, minmay_pentangle,
          uniq_terence

Skill      XL: |  1  2 |
---------------+-------+-----
Fighting       | 4 |  4.4
Axes           | 4 |  4.7
Armour         | |  2.6
Dodging        | |  2.6
Stealth        | |  0.2

Action                   || total
-------------------------++-------
Melee: Hand axe          ||    80
       Headbutt          ||     6
Invok: Renounce Religion ||     1
Armor: Animal skin       ||    12
Dodge: Dodged            ||    67
